 Dungeon Crawl Stone Soup version 0.29-a0-1009-g60c99734e7 (webtiles) character file.

Game seed: 16102701269498701447

14 nickcage the Charlatan (level 2, 0/23 HPs)
             Began as a Draconian Artificer on Aug 8, 2022.
             Slain by a goblin
             ... wielding a +0 club
              (3 damage)
             ... on level 2 of the Dungeon.
             The game lasted 00:02:47 (1307 turns).

nickcage the Charlatan (Draconian Artificer)        Turns: 1307, Time: 00:02:48

Health: 0/23       AC:  4    Str: 14    XL:     2   Next: 31%
Magic:  2/2        EV: 12    Int: 11    God:
Gold:   39         SH:  0    Dex: 11    Spells: 1/1 levels left

rFire   . . .      SeeInvis .   j - +0 whip
rCold   . . .      Faith    .   (no shield)
rNeg    . . .      Spirit   .   (body armour unavailable)
rPois   .          Reflect  .   (helmet restricted)
rElec   .          Harm     .   (no cloak)
rCorr   .          Rampage  .   (no gloves)
Will    .....                   (no boots)
Stlth   +.........              (no amulet)
HPRegen 0.07/turn               (no ring)
MPRegen 0.08/turn               (no ring)

@: no status effects
A: AC +4, unfitting armour, cold-blooded
a: no special abilities


You were on level 2 of the Dungeon.
You visited 1 branch of the dungeon, and saw 2 of its levels.

You collected 39 gold pieces.

Inventory:

Hand Weapons
 a - a +0 club
 f - a +0 short sword
 j - a +0 whip (weapon)
Wands
 b - a wand of flame (12) (quivered)
 c - a wand of charming (15)
 d - a wand of iceblast (9)
Scrolls
 i - 3 scrolls of identify {unknown}
Potions
 e - a potion of might {unknown}
 g - a potion of degeneration {unknown}
 h - a potion of brilliance {unknown}


   Skills:
 - Level 1.1 Fighting
 * Level 0.7 Short Blades
 - Level 2.1 Dodging
 - Level 0.8 Stealth
 + Level 3.6 Evocations


You had one spell level left.
You didn't know any spells.
Your spell library contained the following spells:

 Spells                   Type           Power      Damage    Failure   Level
 Sandblast                Erth           0%         2d4       34%         1
 Slow                     Hex            0%         N/A       34%         1
 Passwall                 Tmut/Erth      0%         N/A       47%         2
 Scorch                   Fire           0%         2d5       47%         2
 Confusing Touch          Hex            0%         N/A       71%         3
 Stone Arrow              Conj/Erth      0%         3d7       71%         3
 Vampiric Draining        Necr           0%         2d6       71%         3
 Corpse Rot               Necr/Pois/Air  0%         N/A       98%         4
 Dispel Undead            Necr           0%         3d6       98%         4
 Flame Wave               Conj/Fire      0%         2d4       98%         4
 Death Channel            Necr           0%         N/A       100%        6
 Summon Cactus Giant      Summ           0%         N/A       100%        6


Dungeon Overview and Level Annotations

Branches:
Dungeon (2/15)

Altars:


Innate Abilities, Weirdness & Mutations

Your plain brown scales are hard. (AC +4)
You cannot fit into any form of body armour.
You are cold-blooded and may be slowed by cold attacks.


Message History

The endoplasm hits you but does no damage.
You hit the endoplasm but do no damage. The endoplasm completely misses you.
You hit the endoplasm.
The endoplasm is lightly wounded.
The goblin shouts!
The endoplasm closely misses you. x2
You hit the endoplasm.
The endoplasm is heavily wounded.
The endoplasm freezes you.
You are frozen.
You feel yourself slow down.
You hit the endoplasm but do no damage.
The endoplasm is heavily wounded.
The endoplasm barely misses you.
You hit the endoplasm but do no damage.
The endoplasm is heavily wounded.
You feel yourself speed up. The goblin hits you with a +0 club.
The endoplasm hits you. The goblin hits you with a +0 club.
The endoplasm freezes you.
You are frozen.
You hit the endoplasm.
The endoplasm is severely wounded.
The endoplasm freezes you.
You are frozen.
You feel yourself slow down. The goblin closely misses you.
You hit the endoplasm but do no damage.
Your tail-slap misses the endoplasm.
The endoplasm is severely wounded.
The endoplasm hits you. The goblin barely misses you.
The goblin hits you with a +0 club. The endoplasm freezes you.
You are frozen.
You feel as though you will be slow longer.
The goblin attacks as you move away! The goblin hits you with a +0 club.
* * * LOW HITPOINT WARNING * * *
The endoplasm attacks as you move away! The endoplasm hits you.
* * * LOW HITPOINT WARNING * * *
The goblin misses you. The endoplasm barely misses you.
There is a stone staircase leading up here.
You feel yourself speed up. The goblin hits you with a +0 club.
You die...

#.....#.. ##
#.....#.. ...
#........
##.#
#.......##...
#..........#
#..........#
#........<.##
#......Jg...#
#.......@...+
#...........#
#..........##
####.......#
#.......#
......r...
..$.........
.............


You could see an endoplasm, a goblin and a rat.

Vanquished Creatures
  A dart slug (D:1)
  2 endoplasms (D:1)
  3 goblins (D:1)
  A hobgoblin (D:1)
  2 kobolds (D:1)
  2 bats (D:1)
  A frilled lizard (D:1)
12 creatures vanquished.

Notes
Turn   | Place    | Note
-------+----------+-------------------------------------------
     0 | D:1      | nickcage the Draconian Artificer began the quest for the
                  | Orb.
     0 | D:1      | Reached XP level 1. HP: 16/16 MP: 1/1
   589 | D:1      | Reached XP level 2. HP: 19/23 MP: 2/2
   729 | D:1      | Found a faded altar of an unknown god.
  1307 | D:2      | Slain by a goblin

Illustrated notes

Levels and vault maps discovered:
D:1:      minmay_arrival_stair_chambers, layout_loops_cross,
          hellmonk_ecumenical_altar_slurped_away
D:2:      layout_basic

Action                   || total
-------------------------++-------
Melee: Club              ||    13
       Short sword       ||    12
       Whip              ||    32
       Tailslap          ||     2
       Punch             ||     2
Evoke: Wand              ||     3
 Stab: Sleeping          ||     1
Armor: Skin              ||    11
Dodge: Dodged            ||    31

Table legend: (Time is in decaauts)
 A = Elapsed time spent in this place.
 B = Non-inter-level travel time spent in this place.
 C = Inter-level travel time spent in this place.
 D = Time resting spent in this place.
 E = Time spent auto-exploring this place.
 F = Levels seen in this place.
 G = Mean time per level.
                   A        B        C        D        E       F      G
               +--------+--------+--------+--------+--------+-----+--------+
         Total |   1317 |   1308 |      9 |      0 |   1174 |   2 |  658.5 |
       Dungeon |   1317 |   1308 |      9 |      0 |   1174 |   2 |  658.5 |
               +--------+--------+--------+--------+--------+-----+--------+

Top non-repeatable levels by time:
     D:1: 1299 daAuts
     D:2: 18 daAuts
